 Dungeon Crawl Stone Soup version 0.31-a0-150-g89dc3ad700 (webtiles) character file.

Game seed: 1083393080931421413

9290 mopl the Basher (level 11, -8/68 HPs)
             Began as a Gargoyle Fighter on June 8, 2023.
             Was an Elder of Okawaru.
             Killed by divine providence
             ... invoked by an orc priest
              (16 damage)
             ... on level 10 of the Dungeon.
             The game lasted 00:17:44 (8987 turns).

mopl the Basher (Gargoyle Fighter)                  Turns: 8987, Time: 00:17:44

Health: -8/68      AC: 24    Str: 20    XL:     11   Next: 44%
Magic:  14/14      EV:  8    Int:  9    God:    Okawaru [****..]
Gold:   926        SH: 11    Dex: 13    Spells: 10/10 levels left

rFire   . . .        a - +2 flail (heavy)
rCold   . . .        B - +2 buckler
rNeg    + . .        G - +0 plate armour
rPois   ∞            u - +0 helmet
rElec   +            (no cloak)
rCorr   .            m - +0 pair of gloves
SInv    .            (no boots)
Will    .....        w - amulet of reflection Stlth
                     (no ring)
HPRegen 0.31/turn    (no ring)
MPRegen 0.14/turn

%: reflection
@: no status effects
A: sickness immunity, AC +8, negative energy resistance 1, electricity
resistance, torment resistance 1, petrification resistance
a: Renounce Religion, Heroism, Finesse


You were on level 10 of the Dungeon.
You worshipped Okawaru.
Okawaru was greatly pleased with you.
You visited 2 branches of the dungeon, and saw 11 of its levels.
You also visited: Ossuary.

You collected 926 gold pieces.

Inventory:

Hand Weapons
 a - a +2 heavy flail (weapon)
 p - the +3 dagger of Loarghiunn {elec, *Slow Will+ MP+9}
   (You found it on level 2 of the Dungeon)

   MP:        It affects your magic capacity (+9).
   *Slow:     It may slow you when you take damage.
   Will:      It increases your willpower.
 E - a +2 halberd of flaming
 H - a +0 morningstar
 K - a +1 whip of venom
Missiles
 b - 8 atropa-tipped darts
 q - 5 silver javelins
 t - a boomerang of dispersal
 y - 8 boomerangs (quivered)
 A - 3 throwing nets
 J - 10 poisoned darts
 L - 2 javelins
Armour
 m - a +0 pair of gloves (worn)
 u - a +0 helmet (worn)
 B - a +2 buckler (worn)
 D - a +0 kite shield
 G - a +0 plate armour (worn)
Magical Staves
 O - the staff of poison "Lelidda" {+Blink rPois rC- Int+3 Dex+2}
   (You found it on level 9 of the Dungeon)

   [staff of poison]

   Base accuracy: +5 Base damage: 5 Base attack delay: 1.2 This weapon's minimum
   attack delay (0.6) is reached at skill level 12.
   Int:       It affects your intelligence (+3).
   Dex:       It affects your dexterity (+2).
   rC:        It makes you vulnerable to cold.
   rPois:     It protects you from poison.
   +Blink:    It lets you blink.
   It falls into the 'Staves' category.
   It is a one-handed weapon.
Jewellery
 c - an amulet of magic regeneration
 w - an amulet of reflection (around neck)
 M - a +4 ring of protection
Wands
 z - a wand of polymorph (15)
 F - a wand of mindburst (11)
 I - a wand of flame (8)
Scrolls
 f - 7 scrolls of poison
 h - 7 scrolls of teleportation
 j - 3 scrolls of immolation
 k - a scroll of fear
 n - 8 scrolls of identify
 o - a scroll of butterflies
 s - 3 scrolls of amnesia
 C - a scroll of brand weapon
 P - a scroll of blinking
 Q - a scroll of enchant weapon
Potions
 d - 3 potions of might
 e - 2 potions of haste
 g - a potion of cancellation
 i - 9 potions of curing
 l - a potion of berserk rage {!q}
 r - a potion of magic
 v - 3 potions of heal wounds
 x - a potion of resistance
 N - a potion of mutation {!q}


   Skills:
 + Level 8.2 Fighting
 * Level 9.8 Maces & Flails
 + Level 5.0 Throwing
 + Level 8.2 Armour
 + Level 5.5 Dodging
 - Level 3.2 Shields
 + Level 4.5 Invocations
 + Level 4.8 Evocations


You had 10 spell levels left.
You didn't know any spells.
Your spell library contained the following spells:

 Spells                   Type           Power      Damage    Failure   Level
 Apportation              Tloc           0%         N/A       100%        1
 Sting                    Tmut/Pois      0%         1d3       100%        1
 Ensorcelled Hibernation  Hex/Ice        0%         N/A       100%        2
 Passwall                 Tmut/Erth      0%         N/A       100%        2
 Poisonous Vapours        Pois/Air       0%         N/A       100%        2
 Frozen Ramparts          Ice            0%         1d1       100%        3
 Swiftness                Air            0%         N/A       100%        3
 Ice Form                 Ice/Tmut       0%         N/A       100%        4
 Olgreb's Toxic Radiance  Pois           0%         N/A       100%        4
 Alistair's Intoxication  Tmut/Pois      0%         N/A       100%        5
 Orb of Destruction       Conj           0%         9d5       100%        7
 Summon Small Mammal      Summ           Unusable   N/A       N/A         1
 Call Canine Familiar     Summ           Unusable   N/A       N/A         3
 Summon Guardian Golem    Hex/Summ       Unusable   N/A       N/A         3
 Summon Ice Beast         Ice/Summ       Unusable   N/A       N/A         4
 Spellforged Servitor     Conj/Summ      Unusable   N/A       N/A         7

Dungeon Overview and Level Annotations

Branches:
Dungeon (10/15)            Temple (1/1) D:6            Lair (0/5) D:8
Ossuary (visited)
    Orc: D:9-12

Altars:
Elyvilon
Gozag
Makhleb
Okawaru
Qazlal
Uskayaw
Wu Jian
The Shining One

Shops:
D:4 *   D:9 :


Innate Abilities, Weirdness & Mutations

You are immune to sickness and miasma.
Your stone body is resilient. (AC +8)
You are immune to poison.
You resist negative energy. (rN+)
You are resistant to electric shocks. (rElec)
You are resistant to unholy torment.
You are immune to petrification.


Message History

Okawaru accepts your kill.
The centaur wields a +0 shortbow.
The centaur shoots an arrow.
The arrow hits you!
The gnoll sergeant hits you from afar with a +0 spear.
You barely miss the yak. The yak gores you.
You block the gnoll sergeant's attack.
Unknown command.
You closely miss the yak. You block the yak's attack.
The gnoll sergeant hits you but does no damage.
The orc priest calls down the wrath of Beogh upon you.
Beogh smites you!
You barely miss the yak.
A howler monkey comes into view.
You block the yak's attack. You block the gnoll sergeant's attack.
The orc priest invokes the aid of Beogh against you.
Beogh smites you!
Unknown command.
You bludgeon the yak!!
The yak is heavily wounded.
You block the yak's attack.
The gnoll sergeant hits you but does no damage.
The orc priest miscasts a cantrip.
You sock the yak!
The yak is almost dead.
You block the yak's attack.
The gnoll sergeant hits you but does no damage.
You bludgeon the yak!!
You kill the yak!
Okawaru accepts your kill. The gnoll sergeant closely misses you.
You sock the two-headed ogre!
The two-headed ogre is moderately wounded.
You feel like a meek peon again.
The two-headed ogre hits you with a +0 giant club!!
* * * LOW HITPOINT WARNING * * *
You block the two-headed ogre's attack.
The gnoll sergeant hits you but does no damage.
The orc priest calls down the wrath of Beogh upon you.
Beogh smites you!
You die...

####.........#
...).........#
#####........#
#........#
#......>.#####
#............#
#........###.###
#........#.....#
############@###
#O#


goc ..h.. ..8.8.. ......... #.........# #..8...8..# You could see a two-headed
ogre, a gnoll sergeant, a centaur, a howler monkey and an orc priest.

Vanquished Creatures
  A troll (D:10)
  Prince Ribbit (D:5)
  Sigmund (D:5)
  A steam dragon (D:9)
  24 yaks
  Menkaure (D:6)
  Edmund (D:5)
  An acid dragon (D:9)
  Duvessa (D:6)
  4 water moccasins
  3 ice beasts
  2 sky beasts
  4 orc warriors
  2 black bears
  An ogre (D:5)
  5 centaurs
  2 phantoms
  4 scorpions (D:5)
  A bullfrog (D:8)
  A gnoll sergeant (D:4)
  10 wights
  Dowan (D:6)
  A killer bee (D:5)
  4 electric eels
  4 howler monkeys
  6 hounds
  A jelly (D:7)
  4 orc priests
  5 gnoll boudas
  2 sleepcaps (D:6)
  Natasha (D:2)
  6 iguanas
  9 orc wizards
  8 mummies (Ossuary)
  Robin (D:3)
  24 gnolls
  3 adders
  3 white imps
  4 ufetubi
  A worm (D:3)
  4 dart slugs
  46 orcs
  4 bats
  7 endoplasms
  3 giant cockroaches
  14 goblins
  6 hobgoblins
  7 jackals
  7 kobolds
  4 quokkas
  7 ball pythons
  2 frilled lizards (D:3)
  A hobgoblin zombie (Ossuary)
  3 kobold zombies (Ossuary)
  4 orc zombies (Ossuary)
  A quokka zombie (D:7)
  2 rats (D:1)
  A rat zombie (D:7)
282 creatures vanquished.

Vanquished Creatures (others)
  2 orcs
2 creatures vanquished.

Grand Total: 284 creatures vanquished

Notes
Turn   | Place    | Note
-------+----------+-------------------------------------------
     0 | D:1      | mopl the Gargoyle Fighter began the quest for the Orb.
     0 | D:1      | Reached XP level 1. HP: 14/14 MP: 1/1
   118 | D:1      | Reached XP level 2. HP: 19/19 MP: 2/2
   573 | D:2      | Reached XP level 3. HP: 23/23 MP: 3/3
   753 | D:2      | Noticed Natasha
   762 | D:2      | Killed Natasha
   763 | D:2      | Reached skill level 3 in Maces & Flails
   763 | D:2      | Reached skill level 1 in Dodging
   763 | D:2      | Reached XP level 4. HP: 11/29 MP: 4/4
   891 | D:2      | Identified the +3 dagger of Loarghiunn {elec, *Slow Will+
                  | MP+9}
  1241 | D:3      | Reached skill level 4 in Armour
  1339 | D:2      | Reached skill level 4 in Fighting
  1432 | D:1      | Reached XP level 5. HP: 33/33 MP: 5/5
  1735 | D:3      | Noticed Robin
  1743 | D:3      | Killed Robin
  1809 | D:3      | Reached skill level 4 in Maces & Flails
  1886 | D:3      | Identified the +1 ring mail of Kosch {rElec}
  2104 | D:4      | Reached XP level 6. HP: 28/39 MP: 6/6
  2382 | D:4      | Reached skill level 2 in Dodging
  2419 | D:4      | Found Baed's Serpentskin Sales.
  2420 | D:4      | Noticed a water moccasin
  2432 | D:4      | Killed a water moccasin
  2784 | D:5      | Entered Level 5 of the Dungeon
  2802 | D:5      | Reached XP level 7. HP: 40/44 MP: 7/7
  2824 | D:5      | Reached skill level 5 in Maces & Flails
  2950 | D:5      | Reached skill level 5 in Fighting
  2950 | D:5      | Reached skill level 5 in Armour
  3229 | D:5      | Noticed Prince Ribbit
  3281 | D:5      | Killed Prince Ribbit
  3282 | D:5      | Reached skill level 1 in Throwing
  3282 | D:5      | Reached skill level 3 in Dodging
  3282 | D:5      | Reached skill level 1 in Evocations
  3282 | D:5      | Reached XP level 8. HP: 13/50 MP: 8/8
  3504 | D:5      | Noticed Edmund
  3523 | D:5      | Killed Edmund
  3524 | D:5      | Reached skill level 6 in Maces & Flails
  3543 | D:5      | Noticed Sigmund
  3548 | D:5      | Killed Sigmund
  3768 | D:5      | Reached skill level 2 in Throwing
  3768 | D:5      | Reached skill level 2 in Evocations
  3876 | D:5      | Reached skill level 6 in Fighting
  3943 | D:5      | Reached skill level 6 in Armour
  3975 | D:5      | Reached XP level 9. HP: 34/55 MP: 9/9
  4220 | D:5      | Found a stormy altar of Qazlal.
  4455 | D:5      | Reached skill level 7 in Maces & Flails
  4784 | D:5      | Identified the +3 robe "Voulunatt" {rElec rPois rN+ Int+2}
  4946 | D:6      | Reached skill level 4 in Dodging
  4985 | D:6      | Found a staircase to the Ecumenical Temple.
  4990 | D:6      | Reached skill level 3 in Throwing
  4995 | Temple   | Entered the Ecumenical Temple
  5096 | Temple   | Became a worshipper of Warmaster Okawaru
  5195 | D:6      | Reached skill level 3 in Evocations
  5441 | D:6      | Noticed Menkaure
  5452 | D:6      | Killed Menkaure
  5453 | D:6      | Reached skill level 1 in Invocations
  5678 | D:6      | Noticed Dowan
  5679 | D:6      | Noticed Duvessa
  5694 | D:6      | Killed Duvessa
  5695 | D:6      | Killed Dowan
  6232 | D:7      | Reached * piety under Okawaru
  6317 | D:7      | Found a sand-covered staircase.
  6325 | Ossuary  | Entered an ossuary
  6356 | Ossuary  | Reached skill level 8 in Maces & Flails
  6361 | Ossuary  | Reached XP level 10. HP: 54/61 MP: 11/11
  6515 | D:7      | Reached skill level 7 in Fighting
  6515 | D:7      | Reached skill level 2 in Invocations
  6535 | D:7      | Reached skill level 7 in Armour
  6581 | D:7      | You fall into a shaft and drop 3 floors!
  6581 | D:10     | Entered Level 10 of the Dungeon
  6792 | D:9      | Reached ** piety under Okawaru
  7313 | D:9      | Reached skill level 4 in Throwing
  7322 | D:9      | Reached skill level 3 in Invocations
  7326 | D:9      | Reached skill level 4 in Evocations
  7579 | D:8      | Found a staircase to the Lair.
  7892 | D:8      | Reached skill level 5 in Dodging
  7898 | D:8      | Reached skill level 9 in Maces & Flails
  7902 | D:8      | Reached *** piety under Okawaru
  8115 | D:8      | Reached XP level 11. HP: 68/68 MP: 13/13
  8369 | D:9      | Received a gift from Okawaru
  8374 | D:9      | Reached skill level 4 in Invocations
  8393 | D:9      | Reached skill level 8 in Fighting
  8432 | D:9      | Identified the staff of poison "Lelidda" {+Blink rPois rC-
                  | Int+3 Dex+2}
  8550 | D:9      | Reached skill level 8 in Armour
  8566 | D:9      | Reached **** piety under Okawaru
  8643 | D:9      | Found a transporter.
  8667 | D:9      | Reached skill level 5 in Throwing
  8684 | D:9      | Found a transporter.
  8684 | D:9      | Found Qocicer's Book Boutique.
  8973 | D:10     | Noticed a two-headed ogre
  8987 | D:10     | Killed from afar by an orc priest

Illustrated notes

Levels and vault maps discovered:
D:1:      dpeg_arrival_leaves_temple_mockup, layout_rooms, hex_intersection
D:2:      layout_basic, uniq_natasha
D:3:      layout_basic, uniq_robin
D:4:      layout_cave_pods, guppyfry_shop_venom
D:5:      minmay_clustersquares, layout_basic, nicolae_qazlal_beasts_of_the_sky,
          grunt_ministairs_14, sigmund_edmund_badplayer, uniq_prince_ribbit1
D:6:      layout_loops_corners, minmay_temple_entry_trees,
          kennysheep_generic_room_15, uniq_menkaure, uniq_duvessa
D:7:      layout_basic, enter_ossuary_4, serial_bayou_ford_a
D:8:      layout_rooms, dpeg_oklobed_lair
D:9:      layout_long_grid, serial_shops, nicolae_shop_drivethru,
          nrook_pool_corridor, kennysheep_flooded_box, minivault_10
D:10:     kennysheep_ambush_hall, layout_basic, david_orc_5
Temple:   roderic_octagonal_lattice_temple

Skill      XL: |  1  2  3  4  5  6  7  8  9 10 11 |
---------------+----------------------------------+-----
Maces & Flails | 3 4 5 6 8 9 |  9.8
Dodging        | 1 2 3 4 5 |  5.5
Armour         | 4 5 6 7 8 |  8.2
Fighting       | 4 5 6 7 8 |  8.2
Throwing       | 1 2 3 4 5 |  5.0
Evocations     | 1 2 3 4 |  4.8
Invocations    | 1 3 4 |  4.5
Shields        | |  3.2

Action                     |  1- 3 |  4- 6 |  7- 9 | 10-12 || total
---------------------------+-------+-------+-------+-------++-------
  Melee: Flail             |    64 |   236 |   346 |   336 ||   982
         Unarmed           |       |       |       |     7 ||     7
  Throw: Boomerang         |       |       |     1 |       ||     1
 Invoke: Heroism           |       |       |       |     6 ||     6
  Evoke: Wand              |       |       |     1 |       ||     1
    Use: Scroll            |       |       |    13 |     7 ||    20
 Armour: Scale mail        |    26 |       |       |       ||    26
         Chain mail        |    25 |   142 |   230 |    32 ||   429
         Plate armour      |       |       |       |   170 ||   170
         Skin              |       |       |       |     4 ||     4
  Dodge: Dodged            |    27 |   108 |   194 |    98 ||   427
  Block: Buckler           |    18 |    86 |   310 |   209 ||   623
         Reflection        |       |       |     4 |    14 ||    18
         Other             |       |       |       |     7 ||     7

Table legend: (Time is in decaauts)
 A = Elapsed time spent in this place.
 B = Non-inter-level travel time spent in this place.
 C = Inter-level travel time spent in this place.
 D = Time resting spent in this place.
 E = Time spent auto-exploring this place.
 F = Levels seen in this place.
 G = Mean time per level.
                   A        B        C        D        E       F      G
               +--------+--------+--------+--------+--------+-----+--------+
         Total |   9401 |   9073 |    328 |   1787 |   4590 |  12 |  783.4 |
       Dungeon |   9087 |   8776 |    311 |   1787 |   4400 |  10 |  908.7 |
        Temple |    117 |    101 |     16 |      0 |     91 |   1 |  117.0 |
       Ossuary |    196 |    196 |      0 |      0 |     99 |   1 |  196.0 |
               +--------+--------+--------+--------+--------+-----+--------+

Top non-repeatable levels by time:
     D:9: 1592 daAuts
     D:5: 1587 daAuts
     D:4: 1270 daAuts
     D:6: 1243 daAuts
     D:2: 832 daAuts
     D:3: 738 daAuts
     D:1: 601 daAuts
     D:7: 563 daAuts
     D:8: 519 daAuts
 Ossuary: 196 daAuts
    D:10: 138 daAuts
  Temple: 117 daAuts
